 Dungeon Crawl Stone Soup version 0.29.0-13-gc9e81de378 (webtiles) character file.

Game seed: 7813200212155694678

1 xian the Gusty (level 1, 0/10 HPs)
             Began as a Tengu Air Elementalist on Sept 10, 2022.
             Slain by a hobgoblin (1 damage)
             ... on level 1 of the Dungeon.
             The game lasted 00:00:39 (62 turns).

xian the Gusty (Tengu Air Elementalist)               Turns: 62, Time: 00:00:41

Health: 0/10       AC:  2    Str:  8    XL:     1   Next: 20%
Magic:  0/4        EV: 12    Int: 15    God:
Gold:   0          SH:  0    Dex: 14    Spells: 3/4 levels left

rFire   . . .      SeeInvis .   d - +0 short sword
rCold   . . .      Faith    .   (no shield)
rNeg    . . .      Spirit   .   a - +0 robe
rPois   .          Reflect  .   (helmet restricted)
rElec   .          Harm     .   (no cloak)
rCorr   .          Rampage  .   (no gloves)
Will    .....                   (boots unavailable)
Stlth   ++........              (no amulet)
HPRegen 0.03/turn               (no ring)
MPRegen 0.09/turn               (no ring)

@: no status effects
A: beak, talons 3
a: no special abilities


You were on level 1 of the Dungeon.
You visited 1 branch of the dungeon, and saw 1 of its levels.

Inventory:

Hand Weapons
 d - a +0 short sword (weapon)
Armour
 a - a +0 robe (worn)
Potions
 b - a potion of magic
 c - 2 potions of invisibility {unknown}


   Skills:
 + Level 2.2 Dodging
 + Level 2.0 Stealth
 + Level 2.0 Spellcasting
 + Level 1.3 Conjurations
 + Level 4.0 Air Magic


You had 3 spell levels left.
You knew the following spells:

 Your Spells              Type           Power      Damage    Failure   Level
a - Shock                 Conj/Air       36%        1d5       8%          1

Your spell library contained the following spells:

 Spells                   Type           Power      Damage    Failure   Level
 Static Discharge         Conj/Air       9%         3-5/arc   11%         2
 Swiftness                Air            13%        N/A       13%         3
 Airstrike                Air            6%         2d(1-17)  38%         4


Dungeon Overview and Level Annotations

Branches:
Dungeon (1/15)

Altars:


Innate Abilities, Weirdness & Mutations

You have a beak for a mouth.
You have claws for feet.


Message History

The kobold shouts!
The hobgoblin barely misses you.
The hobgoblin hits you but does no damage.
You see here a bat corpse.
The kobold throws a stone.
The stone barely misses you.
The hobgoblin hits you but does no damage.
The hobgoblin attacks as you move away! The hobgoblin hits you.
The hobgoblin attacks as you move away! The hobgoblin barely misses you.
The hobgoblin hits you but does no damage.
The hobgoblin attacks as you move away!
The hobgoblin hits you but does no damage.
The kobold hits you with a +0 dagger.
You see here a +0 short sword.
d - a +0 short sword The kobold hits you but does no damage.
The hobgoblin closely misses you.
Unknown command.
You are a level 1 Tengu Air Elementalist.
You are 20% of the way to level 2.
Play time: 00:00:18 (57 turns).
Zot will find you in 5943 turns if you stay in this branch and explore no new floors.
Unknown command.
Unknown command.
Unknown command.
There are no items here.
Okay, then.
d - a +0 short sword (weapon)
Unknown command.
The kobold attacks as you move away! The kobold hits you with a +0 dagger.
* * * LOW HITPOINT WARNING * * *
The hobgoblin barely misses you. The hobgoblin attacks as you move away!
The hobgoblin hits you.
* * * LOW HITPOINT WARNING * * *
The kobold throws a stone.
The stone hits you but does no damage.
You are too injured to fight recklessly!
Aiming: Shock (safe; 8% risk of failure)
Press: ? - help, Q - select action Shift-Dir - straight line The zap misses the hobgoblin.
The zap misses the kobold.
The zap hits the kobold.
You kill the kobold!
The hobgoblin hits you.
You die...

#.# #.#
#.#########
#.#........
####.#.######.
########..(.#.# #.
#...@g.).#..#.####
#.
#.######...†..>..#
#. ###....##.####
#.....# #...
##....# #...
##.#... #..#
#.####.#..# #.#
#..# #+# #..#


You could see a hobgoblin.

Vanquished Creatures
  A bat (D:1)
  2 kobolds (D:1)
3 creatures vanquished.

Notes
Turn   | Place    | Note
-------+----------+-------------------------------------------
     0 | D:1      | xian the Tengu Air Elementalist began the quest for the
                  | Orb.
     0 | D:1      | Reached XP level 1. HP: 10/10 MP: 4/4
     1 | D:1      | Noticed an electric eel
    62 | D:1      | Slain by a hobgoblin

Illustrated notes

Levels and vault maps discovered:
D:1:      arrival_aquarium_a, layout_loops_corners, hangedman_decor_opposing

Action                   || total
-------------------------++-------
Melee: Unarmed           ||     2
 Cast: Shock             ||     5
Armor: Robe              ||     9
Dodge: Dodged            ||     5
